 Dungeon Crawl Stone Soup version 0.28.0-53-g5a82cb258f (webtiles) character file.

Game seed: 11023427552217339285

49 DemonSlayer the Firebug (level 3, -11/24 HPs)
             Began as a Demonspawn Fire Elementalist on Aug 4, 2022.
             Mangled by Sigmund
             ... wielding a +0 scythe of protection
              (12 damage)
             ... on level 2 of the Dungeon.
             The game lasted 00:04:13 (2738 turns).

DemonSlayer the Firebug (DsFE)                      Turns: 2738, Time: 00:04:14

Health: -11/24     AC:  2    Str:  8    XL:     3   Next: 53%
Magic:  6/6        EV: 12    Int: 18    God:
Gold:   19         SH:  4    Dex: 13    Spells: 0/6 levels left

rFire   . . .      SeeInvis .   c - +0 mace
rCold   . . .      Faith    .   (no shield)
rNeg    . . .      Spirit   .   a - +0 robe
rPois   .          Reflect  .   (no helmet)
rElec   .          Harm     .   (no cloak)
rCorr   .          Rampage  .   (no gloves)
Will    .....                   (no boots)
Stlth   ++........              (no amulet)
HPRegen 0.08/turn               (no ring)
MPRegen 0.10/turn               (no ring)

@: no status effects
A: demonic guardian 1, condensation shield
a: no special abilities


You were on level 2 of the Dungeon.
You visited 1 branch of the dungeon, and saw 2 of its levels.

You collected 19 gold pieces.

Inventory:

Hand Weapons
 c - a +0 mace (weapon)
Armour
 a - a +0 robe (worn)
Scrolls
 d - a scroll of silence {unknown}
 g - a scroll of torment {unknown}
Potions
 b - a potion of might {unknown}
 e - a potion of cancellation {unknown}
 f - a potion of curing {unknown}


   Skills:
 + Level 0.1 Fighting
 + Level 0.4 Maces & Flails
 + Level 2.1 Dodging
 + Level 1.9 Stealth
 + Level 2.3 Spellcasting
 + Level 1.2 Conjurations
 + Level 3.4 Fire Magic


You couldn't memorise any spells.
You knew the following spells:

 Your Spells              Type           Power      Damage    Failure   Level
a - Foxfire               Conj/Fire      40%        2x1d6     7%          1
b - Scorch                Fire           28%        2d6       6%          2
c - Conjure Flame         Conj/Fire      10%        6-21      21%         3

Your spell library contained the following spells:

 Spells                   Type           Power      Damage    Failure   Level
 Inner Flame              Hex/Fire       8%         N/A       26%         3
 Flame Wave               Conj/Fire      10%        2d5       54%         4


Dungeon Overview and Level Annotations

Branches:
Dungeon (2/15)

Altars:

Annotations:
D:2 Sigmund


Innate Abilities, Weirdness & Mutations

A weak demonic guardian rushes to your aid.
A meltable shield of frost defends you. (SH +4)


Message History

You conjure some foxfire!
The foxfire hits the ball python.
You kill the ball python!
No target in view!
You conjure some foxfire!
You conjure some foxfire!
You conjure some foxfire!
Your foxfire dissipates!
Your foxfire dissipates! x4
Your foxfire dissipates!
Found a stone staircase leading down.
Found a hunting sling.
There is a stone staircase leading down here.
g - a scroll labelled HIYRHA JAURPH You now have 19 gold pieces (gained 6).
You open the door.
There is an open door here.
You open the door.
There is an open door here.
You open the door.
Sigmund the Dreaded comes into view.
He is wielding a +0 scythe of protection and wearing a +2 robe of fire resistance.
Sigmund shouts!
Sigmund gestures at you while chanting. The magic dart hits you!
Ouch! That really hurt!
Sigmund mumbles some strange words.
Sigmund flickers and vanishes!
Deactivating autopickup; reactivate with Ctrl-A.
You are confused.
There is an open door here.
You bump into the rock wall.
You bump into the rock wall.
You're too confused to move!
Something hits you!
Ouch! That really hurt!
* * * LOW HITPOINT WARNING * * *
A demonic guardian appears!
You're too confused to move!
You feel less confused. Something hits you!
Ouch! That really hurt!
You die...

#..
........#
...
........#
#.#
######..#
##'#####
#..#
#......#
##.#
#......#
#.##
#......#
#.>####
#....5.#
#......
#..@...#
#.)....
##'#####
#......
#.#
#......
#.#
#......
#.#
#......
#.#
#......
#.#
#......
#.#
##'####
#.# #.#


You could see a friendly white imp (summoned).

Vanquished Creatures
  A dart slug (D:1)
  3 bats (D:1)
  4 endoplasms (D:1)
  A giant cockroach (D:1)
  6 goblins (D:1)
  6 hobgoblins (D:1)
  4 jackals (D:1)
  2 quokkas (D:1)
  5 ball pythons
  A frilled lizard (D:1)
  3 kobolds (D:1)
  3 rats
39 creatures vanquished.

Vanquished Creatures (others)
  152 foxfires
152 creatures vanquished.

Grand Total: 191 creatures vanquished

Notes
Turn   | Place    | Note
-------+----------+-------------------------------------------
     0 | D:1      | DemonSlayer the Demonspawn Fire Elementalist began the
                  | quest for the Orb.
     0 | D:1      | Reached XP level 1. HP: 13/13 MP: 3/3
   606 | D:1      | Reached skill level 3 in Fire Magic
   614 | D:1      | Gained mutation: A weak demonic guardian rushes to your
                  | aid. [demonic ancestry]
   614 | D:1      | Reached XP level 2. HP: 19/19 MP: 1/5
   617 | D:1      | Learned a level 2 spell: Scorch
   758 | D:1      | Found a faded altar of an unknown god.
  1395 | D:1      | Gained mutation: A meltable shield of frost defends you.
                  | (SH +4) [demonic ancestry]
  1395 | D:1      | Reached XP level 3. HP: 10/24 MP: 1/6
  2319 | D:1      | Learned a level 3 spell: Conjure Flame
  2728 | D:2      | Noticed Sigmund
  2737 | D:2      | HP: 1/24 [something (12)]
  2738 | D:2      | Mangled by Sigmund

Illustrated notes

Levels and vault maps discovered:
D:1:      dpeg_arrival_morbid_curiosity, layout_basic,
          ebering_ecumenical_altar_box
D:2:      layout_basic, uniq_sigmund

Skill      XL: |  1 |
---------------+----+-----
Dodging        | 2 |  2.1
Fire Magic     | 3 |  3.4
Fighting       | |  0.1
Maces & Flails | |  0.4
Stealth        | |  1.9
Spellcasting   | |  2.3
Conjurations   | |  1.2

Action                   || total
-------------------------++-------
Melee: Mace              ||    19
       Club              ||     3
 Cast: Foxfire           ||   100
Armor: Robe              ||    10
Dodge: Dodged            ||    31
Block: Other             ||     2
